 Dungeon Crawl Stone Soup version 0.27-a0-955-gb57c80000f (webtiles) character file.

Game seed: 12585870759154928626

254 Essalna the Insei (level 5, -4/67 HPs)
             Began as a Draconian Transmuter on Apr 12, 2021.
             Slain by an orc
             ... wielding a +0 trident
              (6 damage)
             ... on level 4 of the Dungeon.
             The game lasted 00:07:26 (2678 turns).

Essalna the Insei (Draconian Transmuter)            Turns: 2678, Time: 00:07:27

Health: -4/67      AC:  5    Str: 12    XL:     5   Next: 91%
Magic:  7/8        EV: 12    Int: 14    God:
Gold:   244        SH:  0    Dex: 12    Spells: 4/8 levels left

rFire    . . .     SeeInvis .     - Unarmed
rCold    . . .     Faith    .   (no shield)
rNeg     . . .     Spirit   .   (armour unavailable)
rPois    .         Reflect  .   (helmet currently unavailable)
rElec    .         Harm     .   (no cloak)
rCorr    .         Rampage  .   (no gloves)
Will     .....                  (boots currently unavailable)
Stlth    ..........             c - amulet of regeneration
HPRegen  1.21/turn              (no ring)
MPRegen  0.11/turn              (no ring)

@: berserking, appendages (expiring), very quick
A: horns 2, talons 2, AC +5, unfitting armour, cold-blooded
a: End Transformation


You were on level 4 of the Dungeon.
You had temporarily grown beastly horns and talons.
You visited 1 branch of the dungeon, and saw 4 of its levels.

You collected 244 gold pieces.

Inventory:

Jewellery
 c - an amulet of regeneration (around neck)
 e - a ring of flight
Wands
 b - a wand of acid (9)
 l - a wand of flame (21)
Scrolls
 h - a scroll of identify
 k - a scroll of torment {unknown}
 m - 3 scrolls of noise {unknown}
Potions
 a - a potion of flight
 d - a potion of degeneration
 f - a potion of might {unknown}
 i - 2 potions of lignification {unknown}
 j - a potion of heal wounds {unknown}


   Skills:
 + Level 3.6 Fighting
 - Level 2.0 Dodging
 + Level 4.4 Unarmed Combat
 - Level 2.0 Spellcasting
 + Level 3.7 Transmutations
 + Level 1.2 Poison Magic


You had 4 spell levels left.
You knew the following spells:

 Your Spells              Type           Power      Damage    Failure   Level
a - Beastly Appendage     Tmut           22%        N/A       5%          1
b - Spider Form           Tmut/Pois      4%         N/A       26%         3

Your spell library contained the following spells:

 Spells                   Type           Power      Damage    Failure   Level
 Wereblood                Tmut           11%        N/A       8%          2
 Ice Form                 Ice/Tmut       6%         N/A       73%         4
 Hydra Form               Tmut           5%         N/A       82%         5


Dungeon Overview and Level Annotations

Branches:
Dungeon (4/15)
 Temple: D:4-7

Altars:
Ru
Wu Jian

Shops:
D:1 *[   D:2 *![(


Innate Abilities, Weirdness & Mutations

You have temporarily grown beastly horns and talons.
Your plain brown scales are hard. (AC +5)
You cannot fit into any form of body armour.
You are cold-blooded and may be slowed by cold attacks.


Message History

The orc priest is lightly wounded.
The orc priest mumbles some strange prayers to Beogh against you.
Pain shoots through your body! The orc closely misses you.
The orc hits you with a +0 trident.
You closely miss the orc priest. You tail-slap the orc priest.
The orc priest is moderately wounded.
The orc priest barely misses you. The orc hits you but does no damage.
You closely miss the orc priest. Your headbutt misses the orc priest.
You tail-slap the orc priest, but do no damage.
The orc priest is moderately wounded.
Your transformation is almost over.
The orc hits you with a +0 trident. The orc priest barely misses you.
The orc hits you but does no damage.
You hit the orc priest but do no damage.
You tail-slap the orc priest, but do no damage.
The orc priest is moderately wounded.
The orc barely misses you. The orc priest barely misses you.
The orc hits you with a +0 club.
You hit the orc priest.
The orc priest is heavily wounded.
The orc hits you with a +0 trident.
The orc priest mumbles some strange prayers to Beogh against you.
Pain shoots through your body! The orc hits you with a +0 club.
You hit the orc priest. You headbutt the orc priest.
The orc priest is almost dead.
The orc hits you with a +0 trident.
The orc priest invokes the aid of Beogh against you.
Beogh smites you!
* * * LOW HITPOINT WARNING * * *
The orc misses you.
A red film seems to cover your vision as you go berserk!
You feel yourself moving faster!
You feel mighty! The orc hits you with a +0 trident.
* * * LOW HITPOINT WARNING * * *
The orc priest calls upon Beogh to heal the orc.
The orc's wounds heal themselves!
The orc hits you but does no damage.
You punch the orc priest!
You kill the orc priest!
The orc hits you with a +0 trident.
You die...

##### #...# #...# ### #...#
####### ....
#...###############......
....#####...#............##......
............#.So@.<......##......
.....o......#..)o........##......
............#...###)..#####.###+#
......o........................>#
................................#
####........#...######+#####....#
#........#...# ......#
######...##### ....#...# #...#
......#.#.#


You could see an adder and 2 orcs.

Vanquished Creatures
  3 orc priests
  2 iguanas (D:4)
  An orc wizard (D:3)
  4 adders
  An adder skeleton (D:4)
  8 orcs (D:3)
  6 ball pythons
  8 bats
  3 endoplasms
  5 giant cockroaches
  10 goblins
  6 hobgoblins
  2 quokkas (D:4)
  3 frilled lizards
  5 kobolds
  8 rats
75 creatures vanquished.

Notes
Turn   | Place    | Note
-------+----------+-------------------------------------------
     0 | D:1      | Essalna the Draconian Transmuter began the quest for the
                  | Orb.
     0 | D:1      | Reached XP level 1. HP: 16/16 MP: 3/3
    22 | D:1      | Found Mapsu's Assorted Antiques.
   144 | D:1      | Reached XP level 2. HP: 23/23 MP: 3/5
   703 | D:1      | Found Kotrad's Antique Armour Shoppe.
   775 | D:2      | Found Luapreur's Antique Weapon Boutique.
   822 | D:2      | Found Kieskugh's Distillery.
   874 | D:2      | Reached XP level 3. HP: 29/29 MP: 4/6
   946 | D:2      | Found Itaifig's Antique Armour Shop.
  1083 | D:2      | Found Ennuirph's Assorted Antiques.
  1280 | D:3      | Found a faded altar of an unknown god.
  1351 | D:3      | Reached XP level 4. HP: 37/37 MP: 5/7
  1486 | D:3      | Reached skill level 4 in Unarmed Combat
  1688 | D:3      | Reached XP level 5. HP: 45/45 MP: 6/8
  1700 | D:3      | Learned a level 3 spell: Spider Form
  1705 | D:3      | Found an ornate altar of the Wu Jian Council.
  1773 | D:3      | Found a sacrificial altar of Ru.
  2470 | D:4      | Noticed an ogre
  2498 | D:4      | Reached skill level 1 in Poison Magic
  2676 | D:4      | HP: 1/45 [orc priest/divine providence (13)]
  2678 | D:4      | Slain by an orc

Illustrated notes

Levels and vault maps discovered:
D:1:      dpeg_arrival_short_road, layout_rooms, serial_shops, shop, shop
D:2:      layout_rooms, serial_shops, shop, shop_fountains, shop,
          nicolae_shop_behind_doors, hex_intersection
D:3:      layout_basic, amcnicky_altar_gilded, lemuel_tele_altar,
          hellmonk_ecumenical_altar_pennies_from_heaven
D:4:      layout_basic, hangedman_decor_growths, dk_noncrumbling_3,
          minmay_misc_feat_square, dk_noncrumbling_2,
          chequers_serial_rivers_micro_b

Skill      XL: |  1  2  3  4  5 |
---------------+----------------+-----
Dodging        | 2 |  2.0
Fighting       | 2 3 |  3.6
Transmutations | 3 |  3.7
Unarmed Combat | 4 |  4.4
Poison Magic   | 1 |  1.2
Spellcasting   | |  2.0

Action                   |  1- 3 |  4- 6 || total
-------------------------+-------+-------++-------
Melee: Unarmed           |    95 |   122 ||   217
       Headbutt          |    10 |    14 ||    24
       Kick              |    11 |    16 ||    27
       Tailslap          |     6 |    13 ||    19
       Punch             |     2 |     2 ||     4
 Cast: Beastly Appendage |    23 |    33 ||    56
  Use: Scroll            |       |     6 ||     6
       Potion            |       |     1 ||     1
 Stab: Sleeping          |     1 |       ||     1
Armor: Skin              |    28 |    24 ||    52
Dodge: Dodged            |    79 |    73 ||   152

Table legend: (Time is in decaauts)
 A = Elapsed time spent in this place.
 B = Non-inter-level travel time spent in this place.
 C = Inter-level travel time spent in this place.
 D = Time resting spent in this place.
 E = Time spent auto-exploring this place.
 F = Levels seen in this place.
 G = Mean time per level.
                   A        B        C        D        E       F      G
               +--------+--------+--------+--------+--------+-----+--------+
         Total |   2666 |   2549 |    117 |     13 |   1946 |   4 |  666.5 |
       Dungeon |   2666 |   2549 |    117 |     13 |   1946 |   4 |  666.5 |
               +--------+--------+--------+--------+--------+-----+--------+

Top non-repeatable levels by time:
     D:3: 1032 daAuts
     D:1: 767 daAuts
     D:4: 441 daAuts
     D:2: 425 daAuts
